 Dungeon Crawl Stone Soup version 0.22.1-5-g62c59d919a (webtiles) character file.

2898 NochnoyZador the Grappler (level 9, 0/85 HPs)
             Began as a Troll Monk on Jan 12, 2019.
             Was a Priest of Elyvilon.
             Slain by a two-headed ogre
             ... wielding a +0 giant spiked club
              (15 damage)
             ... on level 8 of the Dungeon.
             The game lasted 00:29:04 (6715 turns).

NochnoyZador the Grappler (Troll Monk)              Turns: 6715, Time: 00:29:05

Health: 0/85       AC:  6    Str: 24    XL:     9   Next: 49%
Magic:  16/18      EV: 13    Int:  9    God:    Elyvilon [***...]
Gold:   497        SH:  0    Dex: 14    Spells: 8/8 levels left

rFire    . . .     SeeInvis .     - Unarmed
rCold    . . .     Gourm    +   (no shield)
rNeg     . . .     Faith    .   a - +1 robe
rPois    .         Spirit   .   (helmet restricted)
rElec    .         Reflect  .   (no cloak)
rCorr    .         Harm     .   (gloves unavailable)
MR       .....                  (boots unavailable)
Stlth    ++........             B - amulet of Qoawyt {Gourm Dex+2}
HPRegen  0.64/turn              t - ring of magical power
MPRegen  0.16/turn              y - +3 ring of intelligence

@: no status effects
A: large, unfitting armour, claws 3, fast metabolism 3, gourmand, regeneration
1, shaggy fur 1, tough skin 2
a: Lesser Healing, Heal Other, Purification, Divine Protection, Renounce
Religion


You were on level 8 of the Dungeon.
You worshipped Elyvilon.
Elyvilon was most pleased with you.
You were very full.

You visited 2 branches of the dungeon, and saw 10 of its levels.

You collected 497 gold pieces.

Inventory:

Hand Weapons
 A - the +9 long sword "Desosch" {elec, Int+3, unknown}
   (You found it on level 6 of the Dungeon)

   Occasionally, upon striking a foe, it will discharge some electrical energy
   and cause terrible harm.
   It affects your intelligence (+3).
 M - a +0 giant spiked club
Missiles
 n - 2 throwing nets (quivered)
 p - 207 stones
 v - 40 sling bullets
Armour
 a - a +1 robe (worn)
Magical Staves
 G - an uncursed staff of power {unknown}
Jewellery
 t - a ring of magical power (left claw)
 y - a +3 ring of intelligence (right claw)
 B - the amulet of Qoawyt (around neck) {Gourm Dex+2}
   (You took it off a gnoll on level 6 of the Dungeon)

   [amulet of the gourmand]

   It allows you to eat raw meat even when not hungry.
   It affects your dexterity (+2).
Wands
 q - a wand of enslavement (8)
 s - a wand of acid (15)
 u - a wand of iceblast (11)
 z - a wand of digging (14)
Scrolls
 c - 3 scrolls of enchant armour
 d - 7 scrolls of teleportation
 e - 4 scrolls of identify
 f - 3 scrolls of remove curse
 j - 2 scrolls of amnesia {unknown}
 r - 3 scrolls of enchant weapon {unknown}
 w - 2 scrolls of blinking {unknown}
 D - a scroll of silence {unknown}
 E - a scroll of fog {unknown}
 H - a scroll of magic mapping {unknown}
 J - a scroll of summoning {unknown}
Potions
 g - 3 potions of agility {unknown}
 h - 6 potions of curing
 i - 2 potions of might {unknown}
 k - 2 potions of heal wounds
 l - a potion of resistance
 m - a potion of ambrosia {unknown}
 o - 3 potions of haste {unknown}
 x - a potion of lignification {unknown}
 C - a potion of degeneration {unknown}
 F - 2 potions of mutation {unknown}
 I - a potion of brilliance {unknown}
 K - a potion of berserk rage {unknown}
Comestibles
 b - 25 rations


   Skills:
 * Level 4.6 Fighting
 * Level 0.9 Throwing
 * Level 5.8 Dodging
 * Level 3.4 Stealth
 + Level 9.2 Unarmed Combat
 * Level 1.8 Invocations


You had 8 spell levels left.
You didn't know any spells.
Your spell library contained the following spells:

 Spells                   Type           Power        Failure   Level  Hunger
 Animate Skeleton         Necr           N/A          38%         1    ##.....
 Apportation              Tloc           #.....       38%         1    ##.....
 Confusing Touch          Hex            #.....       38%         1    ##.....
 Summon Small Mammal      Summ           #...         38%         1    ##.....


Dungeon Overview and Level Annotations

Branches:
Dungeon (9/15)             Temple (1/1) D:6             Orc (0/2) D:9
   Lair: D:8-11

Altars:
Ashenzari
Cheibriados
Dithmenos
Elyvilon
Fedhas
Gozag
Hepliaklqana
Kikubaaqudgha
Makhleb
Nemelex Xobeh
Okawaru
Qazlal
Ru
Sif Muna
Trog
Uskayaw
Vehumet
Wu Jian
Xom
Yredelemnul
Zin
The Shining One

Shops:
D:4 [   D:5 [   D:6 :


Innate Abilities, Weirdness & Mutations

You are too large for most types of armour.
You have claws for hands.
Your metabolism is lightning-fast.
You like to eat raw meat.
Your natural rate of healing is unusually fast.
You are covered in fur. (AC +1)
You have very tough skin. (AC +2)


Message History

There is an open door here.
You enter the shallow water.
Moving in this stuff is going to be slow.
You claw the two-headed ogre!
The two-headed ogre is almost dead.
The two-headed ogre hits you with a giant spiked club!!
* * * LOW HITPOINT WARNING * * *
The two-headed ogre hits you with a giant club!
* * * LOW HITPOINT WARNING * * *
You enter the shallow water.
Moving in this stuff is going to be slow.
You are healed.
You feel somewhat less full.
The two-headed ogre hits you with a giant spiked club.
* * * LOW HITPOINT WARNING * * *
The two-headed ogre hits you with a giant club!!
Elyvilon protects you from harm!
You are healed.
You feel somewhat less full. The two-headed ogre closely misses you.
The two-headed ogre hits you with a giant club!
You die...

#### #≈@##
#####O.#
###...#..##
########.'.#.'≈..#
#......###...#...#
#......# #####≈..#
#......######≈.#.#
#......'....####.#
#......#.........#


You could see a two-headed ogre.

Vanquished Creatures
  Grinder (D:4)
  A hungry ghost (D:8)
  A sky beast (D:8)
  A phantom (D:6)
  3 orc warriors
  2 ogres
  A centaur (D:6)
  2 big kobolds
  4 bullfrogs
  3 scorpions
  2 bullfrog zombies
  4 orc wizards
  A bullfrog skeleton (D:6)
  4 hounds
  3 jellies (D:8)
  2 gnoll shamans (D:6)
  5 orc priests (D:6)
  Ijyb (D:4)
  An iguana (D:4)
  3 worker ants
  A hound zombie (D:7)
  2 worker ant zombies
  Robin (D:3)
  25 gnolls
  12 adders
  A shadow imp (D:7)
  6 oozes
  2 adder skeletons (D:4)
  A worm (D:2)
  A dart slug (D:1)
  3 leopard geckos
  12 orcs
  7 giant cockroaches
  16 goblins
  15 hobgoblins
  10 jackals
  4 quokkas
  A ball python (D:8)
  6 bats
  15 frilled lizards
  13 kobolds
  3 rats
202 creatures vanquished.

Vanquished Creatures (others)
  A human (D:6)
1 creature vanquished.

Grand Total: 203 creatures vanquished

Notes
Turn   | Place    | Note
-------+----------+-------------------------------------------
     0 | D:1      | NochnoyZador the Troll Monk began the quest for the Orb.
     0 | D:1      | Reached XP level 1. HP: 22/22 MP: 0/0
   103 | D:1      | Reached XP level 2. HP: 29/29 MP: 1/1
   280 | D:1      | Reached skill level 4 in Unarmed Combat
   760 | D:2      | Reached XP level 3. HP: 36/36 MP: 2/2
   975 | D:2      | Reached skill level 5 in Unarmed Combat
   975 | D:2      | Reached XP level 4. HP: 38/44 MP: 3/3
  1382 | D:2      | Reached XP level 5. HP: 23/50 MP: 4/4
  2118 | D:4      | Noticed Robin
  2162 | D:3      | Killed Robin
  2162 | D:3      | HP: 2/50 [hobgoblin[Robin] (6)]
  2308 | D:4      | Found Cureugh's Antique Armour Shop.
  2484 | D:4      | Noticed Ijyb
  2499 | D:4      | Reached XP level 6. HP: 46/59 MP: 5/5
  2505 | D:4      | Killed Ijyb
  2645 | D:4      | Noticed Grinder
  2649 | D:4      | Killed Grinder
  2649 | D:4      | Reached skill level 6 in Unarmed Combat
  2649 | D:4      | Reached XP level 7. HP: 60/67 MP: 6/6
  2750 | D:4      | Found a shadowy altar of Dithmenos.
  2750 | D:4      | Found a glowing silver altar of Zin.
  2750 | D:4      | Found a burning altar of Makhleb.
  2882 | D:4      | Found a blossoming altar of Fedhas.
  2996 | D:5      | Entered Level 5 of the Dungeon
  3176 | D:5      | Found Siahymov's Antique Armour Shoppe.
  3406 | D:5      | Found a radiant altar of Vehumet.
  3407 | D:5      | Found a hide-covered altar of Uskayaw.
  3566 | D:5      | Found a shimmering altar of Xom.
  3745 | D:6      | Reached skill level 7 in Unarmed Combat
  3762 | D:6      | Found a shattered altar of Ashenzari.
  3772 | D:6      | Found a staircase to the Ecumenical Temple.
  3780 | Temple   | Entered the Ecumenical Temple
  3842 | Temple   | Became a worshipper of Elyvilon the Healer
  3842 | Temple   | Reached * piety under Elyvilon
  3842 | Temple   | Reached ** piety under Elyvilon
  3982 | D:6      | Reached XP level 8. HP: 51/75 MP: 7/7
  3986 | D:6      | Found an ancient bone altar of Kikubaaqudgha.
  4078 | D:6      | Found a snail-covered altar of Cheibriados.
  4145 | D:6      | Got a warped long sword
  4319 | D:6      | Reached skill level 5 in Dodging
  4321 | D:6      | Reached skill level 8 in Unarmed Combat
  4341 | D:6      | Got a transparent brass amulet
  4845 | D:6      | Found Malleac's Book Emporium.
  5325 | D:7      | Reached *** piety under Elyvilon
  5542 | D:7      | Reached XP level 9. HP: 83/84 MP: 8/8
  5737 | D:8      | Found a burning altar of Makhleb.
  5909 | D:8      | Found an opulent altar of Gozag.
  5962 | D:8      | Reached skill level 1 in Invocations
  6004 | D:8      | Found a sacrificial altar of Ru.
  6011 | D:8      | Reached skill level 9 in Unarmed Combat
  6055 | D:8      | Found an ancient bone altar of Kikubaaqudgha.
  6515 | D:8      | Identified the amulet of Qoawyt {Gourm Dex+2} (You took it
                  | off a gnoll on level 6 of the Dungeon)
  6573 | D:9      | Found a staircase to the Orcish Mines.
  6629 | D:9      | Noticed a two-headed ogre
  6664 | D:8      | Elyvilon protects you from harm!
  6714 | D:8      | Elyvilon protects you from harm!
  6715 | D:8      | Slain by a two-headed ogre

Skill      XL: |  1  2  3  4  5  6  7  8  9 |
---------------+----------------------------+-----
Unarmed Combat | 4 5 6 7 8 9 |  9.2
Dodging        | 3 4 5 |  5.8
Fighting       | 3 4 |  4.6
Stealth        | 2 3 |  3.4
Invocations    | 1 |  1.8
Throwing       | |  0.9

Action                   |  1- 3 |  4- 6 |  7- 9 || total
-------------------------+-------+-------+-------++-------
Melee: Unarmed           |    87 |   158 |   383 ||   628
       Punch             |     1 |     4 |    10 ||    15
Invok: Lesser Healing    |       |       |     2 ||     2
  Use: Scroll            |       |       |     9 ||     9
       Potion            |       |       |     1 ||     1
 Stab: Sleeping          |     3 |     3 |     8 ||    14
       Distracted        |       |       |     2 ||     2
       Paralysed         |       |       |     2 ||     2
  Eat: Chunk             |    14 |    16 |    42 ||    72
Armor: Robe              |    25 |    44 |    81 ||   150
Dodge: Dodged            |    44 |    99 |   190 ||   333
